cohdb
Replays
Latest Replays
All Replays
Popular Replays
Top Player Replays
Match Explorer
How It Works
Community
CoH3 Stats
Reddit
Sign in to upload your games and track your stats! →
Sign in with Steam
Match 41116437
Unlisted
Match 41116437
Overview
Messages
Build Orders
End
Kettenkrad Recon Vehicle
Construct Infanterie Kompanie
Grenadier Squad
Grenadier Squad
Grenadier Squad
Infanterie Officer Quarters
Grenadier Squad
Construct Panzergrenadier Kompanie
Selects Breakthrough Battlegroup
Selects Assault Grenadiers
Selects Breakthrough
Breakthrough
Pak 40 Anti-tank Gun Team
Selects Mechanized Assault Group
Mechanized Assault Group
Mechanized Assault Group
Pioneer Squad
Pak 40 Anti-tank Gun Team
Breakthrough
Selects Rapid Production
Selects Blitzkrieg
Pak 40 Anti-tank Gun Team
Panzergrenadier Officer Quarters
Pak 40 Anti-tank Gun Team
Pioneer Squad
MG 42 Bunker
MG 42 Bunker
MG 42 Bunker
Selects Tiger Heavy Tank
Tiger Heavy Tank
Construct Panzer Kompanie
Medical Bunker
Kettenkrad Recon Vehicle
Breakthrough
Pioneer Squad
Kettenkrad Recon Vehicle
Panzer Officer Quarters
Panzer IV Medium Tank
Panzer IV Medium Tank
Blitzkrieg
Akkerman
sierrakiloechonovembergolf
0
0
Comments
sign in to comment!
No comments posted yet!